 Dungeon Crawl Stone Soup version 0.31.0-11-ge490571c62 (webtiles) character file.

Game seed: 13732868978777990153

532 qw the Skirmisher (level 7, -5/40 HPs)
             Began as a Deep Elf Hunter on Feb 3, 2024.
             Was an Initiate of Okawaru.
             Slain by an acid dragon (12 damage)
             ... on level 5 of the Dungeon.
             The game lasted 00:00:16 (2785 turns).

qw the Skirmisher (Deep Elf Hunter)                 Turns: 2785, Time: 00:00:17

Health: -5/40      AC:  1    Str: 10    XL:     7   Next: 4%
Magic:  9/9        EV: 11    Int: 14    God:    Okawaru [......]
Gold:   213        SH:  0    Dex: 18    Spells: 6/6 levels left

rFire   . . .        a - +1 shortbow
rCold   . . .        (shield currently unavailable)
rNeg    . . .        j - +0 ring mail
rPois   .            (no helmet)
rElec   .            (no cloak)
rCorr   .            n - +0 pair of gloves
SInv    +            b - +2 pair of boots
Will    .....        i - amulet of regeneration
Stlth   +            c - ring of see invisible
HPRegen 1.06/turn    (no ring)
MPRegen 0.11/turn

%: no passive effects
@: corroded
A: no striking features
a: Renounce Religion


You were on level 5 of the Dungeon.
You worshipped Okawaru.
Okawaru was noncommittal.
You visited 2 branches of the dungeon, and saw 6 of its levels.

You collected 213 gold pieces.


   Skills:
 - Level 2.1 Fighting
 + Level 9.8 Ranged Weapons
 - Level 2.6 Armour
 - Level 2.4 Dodging
 - Level 1.2 Stealth


You had 6 spell levels left.
You didn't know any spells.
Your spell library was empty.

Inventory:

Hand Weapons
 a - a +1 shortbow (weapon)
Armour
 b - a +2 pair of boots (worn)
 j - a +0 ring mail (worn)
 n - a +0 pair of gloves (worn)
Jewellery
 c - a ring of see invisible (left hand)
 i - an amulet of regeneration (around neck)
Scrolls
 d - a scroll of teleportation
Potions
 e - 2 potions of experience {unknown}
 g - a potion of heal wounds
 k - a potion of mutation

Dungeon Overview and Level Annotations

Branches:
Dungeon (5/15)             Temple (1/1) D:4

Altars:
Ashenzari
Dithmenos
Elyvilon
Gozag
Hepliaklqana
Okawaru
Qazlal
Sif Muna
Uskayaw
Vehumet
Xom
Yredelemnul
Zin


Message History

You shoot an arrow.
The arrow hits the acid dragon but does no damage.
The acid dragon is moderately wounded.
You shoot an arrow.
The arrow completely misses the acid dragon.
You shoot an arrow.
The arrow hits the acid dragon but does no damage.
The acid dragon is moderately wounded.
An ogre comes into view. It is wielding a +0 giant spiked club.
The acid dragon spits acid at you. The splash of acid hits you!
The acid corrodes you!
The ogre shouts!
You shoot an arrow. The arrow hits the acid dragon.
The acid dragon is heavily wounded.
The acid dragon closely misses you. The acid dragon claws you.
Enter note: You shoot an arrow.
The water moccasin hisses angrily.
The arrow hits the acid dragon but does no damage.
The acid dragon is heavily wounded.
The acid dragon misses you.
The acid dragon claws you but does no damage.
You shoot an arrow. The arrow hits the acid dragon.
The acid dragon is severely wounded.
The acid dragon completely misses you.
The acid dragon claws you but does no damage.
You shoot an arrow.
The arrow barely misses the acid dragon.
The acid dragon completely misses you. The acid dragon barely misses you.
You shoot an arrow. The arrow hits the acid dragon.
The acid dragon is almost dead.
The acid dragon spits acid at you. The splash of acid hits you!!
The acid corrodes you!
You shoot an arrow.
The arrow hits the acid dragon but does no damage.
The acid dragon is almost dead.
The water moccasin barely misses you.
The ogre hits you with a +0 giant spiked club.
The acid dragon bites you!
You die...

#> ..###........ ###.
...#........ ....
........... ......
.....?....# .....#
..!....... .# ...##
.........# .# #. #..#
.......S.# #.# #..#..#
#.....O@.###..## #.....
#.#...D........######...
#..........###.#.#..##
.....###....###.......##
....# ###....#...#..###
.... #......####.... ...
######## #..#. .. #####


You could see a water moccasin, an acid dragon (catching breath) and an ogre.

Vanquished Creatures
  Sigmund (D:4)
  Blork the orc (D:4)
  A howler monkey (D:4)
  2 bombardier beetles (D:4)
  A jelly (D:4)
  A sleepcap (D:4)
  2 orc wizards
  4 adders
  2 dart slugs
  A ribbon worm (D:4)
  4 orcs
  3 endoplasms
  2 giant cockroaches
  6 goblins
  4 hobgoblins
  3 jackals (D:3)
  2 quokkas
  4 ball pythons
  A bat (D:3)
  A frilled lizard (D:1)
  5 kobolds
  3 rats (D:1)
54 creatures vanquished.

Notes
Turn   | Place    | Note
-------+----------+-------------------------------------------
     0 | D:1      | qw the Deep Elf Hunter began the quest for the Orb.
     0 | D:1      | Reached XP level 1. HP: 12/12 MP: 3/3
     0 | D:1      | 0 ||| qw: Version: 0.3-a-155-g5e7d8dd
     0 | D:1      | 0 ||| qw: Game counter: 3405
     0 | D:1      | 0 ||| qw: Melee chars always use a shield: true
     0 | D:1      | 0 ||| qw: God list: Okawaru
     0 | D:1      | 0 ||| qw: Allow faded altars: false
     0 | D:1      | 0 ||| qw: Do Orc after clearing Dungeon:15 true
     0 | D:1      | 0 ||| qw: Do second Lair branch before Depths: true
     0 | D:1      | 0 ||| qw: Lair rune preference: random
     0 | D:1      | 0 ||| qw: Goals: Normal
     0 | D:1      | 0 ||| PLANNING D:1-11
   234 | D:1      | Reached XP level 2. HP: 16/16 MP: 4/4
   237 | D:1      | Reached skill level 6 in Ranged Weapons
   377 | D:1      | 377 ||| UPGRADING to +0 scale mail.
   387 | D:1      | 387 ||| DROPPING +0 leather armour.
   388 | D:1      | 388 ||| UPGRADING to +0 pair of boots.
   393 | D:1      | 393 ||| UPGRADING to +0 ring mail.
   403 | D:1      | 403 ||| DROPPING +0 scale mail.
   404 | D:1      | 404 ||| UPGRADING to amulet of regeneration.
   409 | D:1      | 409 ||| READING scroll labelled CIUFIM XECIERRAO.
   412 | D:1      | 412 ||| READING scroll labelled UKALOE CAKIPOCH.
   413 | D:1      | 413 ||| READING scroll labelled FOH XEACUT.
   419 | D:1      | 419 ||| DRINKING 2 fizzy cyan potions.
   420 | D:1      | 420 ||| DROPPING scroll of butterflies.
   584 | D:2      | Reached XP level 3. HP: 20/20 MP: 5/5
   933 | D:2      | Found a faded altar of an unknown god.
  1025 | D:2      | 1025 ||| UPGRADING to +0 pair of gloves.
  1030 | D:2      | 1030 ||| READING scroll labelled ZUWEYRPH OXZEERCHO.
  1031 | D:2      | 1031 ||| READING scroll labelled MOMOBEKLACK.
  1032 | D:2      | 1032 ||| READING scroll labelled TUOTACH KYUNUL.
  1033 | D:2      | 1033 ||| READING 2 scrolls labelled WYEJYCK XINOI.
  1033 | D:2      | 1033 ||| IDENTIFYING fizzy green potion
  1034 | D:2      | 1034 ||| READING scroll of identify.
  1034 | D:2      | 1034 ||| IDENTIFYING sapphire potion
  1035 | D:2      | 1035 ||| READING scroll labelled TOUBBINERI.
  1035 | D:2      | 1035 ||| ENCHANTING +0 shortbow.
  1036 | D:2      | 1036 ||| DRINKING 3 yellow potions.
  1037 | D:2      | 1037 ||| DROPPING 2 potions of brilliance.
  1038 | D:2      | 1038 ||| DROPPING potion of berserk rage.
  1040 | D:2      | 1040 ||| Stepping ~*~*~tactically~*~*~ (cloud).
  1041 | D:2      | HP: 5/20 [poisoned by you (poison gas)]
  1046 | D:2      | HP: 3/20 [poisoned by you (poison gas)]
  1062 | D:2      | 1062 ||| FLEEEEING.
  1063 | D:2      | 1063 ||| FLEEEEING.
  1064 | D:2      | 1064 ||| FLEEEEING.
  1135 | D:3      | Reached skill level 7 in Ranged Weapons
  1694 | D:3      | 1694 ||| DROPPING amulet of guardian spirit.
  1695 | D:3      | 1695 ||| UPGRADING to ring of see invisible.
  1696 | D:3      | 1696 ||| READING scroll labelled LUAPONTOZUF.
  1697 | D:3      | 1697 ||| READING scroll labelled QITOEL APLEELAU.
  1724 | D:4      | Noticed Blork the orc
  1725 | D:4      | 1725 ||| DRINKING potion of haste.
  1739 | D:4      | Killed Blork the orc
  1740 | D:4      | Reached skill level 8 in Ranged Weapons
  1740 | D:4      | Reached XP level 4. HP: 11/25 MP: 6/6
  1818 | D:4      | Reached XP level 5. HP: 29/29 MP: 7/7
  1827 | D:4      | Reached skill level 9 in Ranged Weapons
  1871 | D:4      | Noticed Sigmund
  1886 | D:4      | Killed Sigmund
  1887 | D:4      | Reached XP level 6. HP: 15/35 MP: 8/8
  1887 | D:4      | 1887 ||| FLEEEEING.
  1888 | D:4      | 1888 ||| FLEEEEING.
  1889 | D:4      | 1889 ||| FLEEEEING.
  1890 | D:4      | 1890 ||| FLEEEEING.
  1891 | D:4      | 1891 ||| FLEEEEING.
  1892 | D:4      | 1892 ||| FLEEEEING.
  1893 | D:4      | 1893 ||| FLEEEEING.
  1894 | D:4      | 1894 ||| FLEEEEING.
  1895 | D:4      | 1895 ||| FLEEEEING.
  1896 | D:4      | 1896 ||| FLEEEEING.
  1897 | D:4      | 1897 ||| FLEEEEING.
  1898 | D:4      | 1898 ||| FLEEEEING.
  1899 | D:4      | 1899 ||| FLEEEEING.
  1900 | D:4      | 1900 ||| FLEEEEING.
  1901 | D:4      | 1901 ||| FLEEEEING.
  1902 | D:4      | 1902 ||| FLEEEEING.
  1959 | D:4      | Found a staircase to the Ecumenical Temple.
  1961 | D:4      | 1961 ||| PLANNING TEMPLE
  1961 | D:4      | 1961 ||| READING scroll of identify.
  1961 | D:4      | 1961 ||| IDENTIFYING murky inky potion
  1968 | Temple   | Entered the Ecumenical Temple
  1969 | Temple   | 1969 ||| PLANNING OKAWARU WORSHIP
  1978 | Temple   | Became a worshipper of Warmaster Okawaru
  1979 | Temple   | 1979 ||| PLANNING D:1-11
  2074 | D:4      | Found a shimmering blue altar of Sif Muna.
  2084 | D:4      | 2084 ||| UPGRADING to +2 pair of boots.
  2100 | D:4      | 2100 ||| UPGRADING to +2 pair of boots.
  2105 | D:4      | 2105 ||| DROPPING +0 pair of boots.
  2512 | D:4      | 2512 ||| READING scroll labelled MUIPNOGR ZEK ZIN.
  2630 | D:5      | Entered Level 5 of the Dungeon
  2633 | D:5      | 2633 ||| STAIRDANCE
  2646 | D:5      | 2646 ||| STAIRDANCE
  2658 | D:5      | 2658 ||| STAIRDANCE
  2675 | D:5      | 2675 ||| DRINKING golden potion.
  2678 | D:5      | 2678 ||| STAIRDANCE
  2685 | D:4      | Reached XP level 7. HP: 40/40 MP: 9/9
  2785 | D:5      | HP: 7/40 [ogre/+0 giant spiked club (5)]
  2785 | D:5      | Slain by an acid dragon

Levels and vault maps discovered:
D:1:      wander_arrival_abandoned_jail, layout_rooms, serial_bayou_pond_b
D:2:      layout_loops_cross, shapermc_ecumenical_altar_flowoftime
D:3:      layout_basic, chequers_serial_rivers_room_a
D:4:      layout_basic, amcnicky_altar_gilded, minmay_temple_entry_arrows,
          serial_corexii_hall, chequers_hall_statues_y, corexii_hall_statues_t,
          corexii_hall_statues_deadend, corexii_hall_statues_i,
          uniq_blork_the_orc, uniq_sigmund
D:5:      layout_cave_pools, grunt_temple_overflow_growth_and_decay
Temple:   hellmonk_temple_forest_ring

Skill      XL: |  1  2  3  4  5 |
---------------+----------------+-----
Ranged Weapons | 6 8 9 |  9.8
Fighting       | 2 |  2.1
Armour         | 2 |  2.6
Dodging        | |  2.4
Stealth        | |  1.2

Action                     |  1- 3 |  4- 6 |  7- 9 || total
---------------------------+-------+-------+-------++-------
   Fire: Shortbow          |   103 |    89 |    29 ||   221
    Use: Scroll            |    11 |     2 |       ||    13
         Potion            |     3 |     1 |       ||     4
 Armour: Leather armour    |     2 |       |       ||     2
         Ring mail         |    18 |    30 |    11 ||    59
  Dodge: Dodged            |    18 |    24 |     9 ||    51

Table legend:
 A = Non-vault XP
 B = Vault XP
 C = Vault XP percentage of total XP
 D = Non-vault monster count
 E = Vault monster count
 F = Vault count percentage of total count
                 A         B        C        D         E       F
            +---------+---------+-------+---------+---------+-------
      Total |     422 |     339 |  44.5 |      48 |       6 |  11.1
            +---------+---------+-------+---------+---------+-------
        D:1 |      11 |       6 |  35.3 |       8 |       4 |  33.3
        D:2 |      40 |       0 |   0.0 |       8 |       0 |   0.0
        D:3 |      32 |       0 |   0.0 |      11 |       0 |   0.0
        D:4 |     286 |     333 |  53.8 |      17 |       2 |  10.5
        D:5 |      53 |       0 |   0.0 |       4 |       0 |   0.0
            +---------+---------+-------+---------+---------+-------
